 Dungeon Crawl Stone Soup version 0.28-b1-1-g3c77fb2ed1 (webtiles) character file.

Game seed: 5550900187253467934

23 croobank the Firebug (level 2, 0/20 HPs)
             Began as a Demigod Fire Elementalist on Jan 30, 2022.
             Slain by a quokka (5 damage)
             ... on level 1 of the Dungeon.
             The game lasted 00:02:35 (1172 turns).

croobank the Firebug (Demigod Fire Elementalist)    Turns: 1172, Time: 00:02:36

Health: 0/20       AC:  2    Str:  9    XL:     2   Next: 54%
Magic:  5/7        EV: 12    Int: 17    God:
Gold:   4          SH:  0    Dex: 14    Spells: 2/5 levels left

rFire   . . .      SeeInvis .   (no weapon)
rCold   . . .      Faith    .   (no shield)
rNeg    . . .      Spirit   .   a - +0 robe
rPois   .          Reflect  .   (no helmet)
rElec   .          Harm     .   (no cloak)
rCorr   .          Rampage  .   (no gloves)
Will    .....                   (no boots)
Stlth   ++........              (no amulet)
HPRegen 0.06/turn               (no ring)
MPRegen 0.10/turn               (no ring)

@: no status effects
A: high mp 1, forlorn, divine attributes
a: no special abilities


You were on level 1 of the Dungeon.
You visited 1 branch of the dungeon, and saw 1 of its levels.

You collected 4 gold pieces.

Inventory:

Missiles
 d - 27 stones
Armour
 a - a +0 robe (worn)
Scrolls
 b - 2 scrolls of amnesia {unknown}
 e - 2 scrolls of teleportation {unknown}
Potions
 c - 3 potions of magic {unknown}
 f - a potion of attraction {unknown}
 g - a potion of curing {unknown}


   Skills:
 + Level 1.8 Dodging
 + Level 2.1 Stealth
 + Level 2.0 Spellcasting
 + Level 1.1 Conjurations
 + Level 3.1 Fire Magic


You had 2 spell levels left.
You knew the following spells:

 Your Spells              Type           Power      Damage    Failure   Level
a - Foxfire               Conj/Fire      36%        2x1d5     9%          1
b - Scorch                Fire           24%        2d6       9%          2

Your spell library contained the following spells:

 Spells                   Type           Power      Damage    Failure   Level
 Conjure Flame            Conj/Fire      9%         6-21      24%         3
 Inner Flame              Hex/Fire       7%         N/A       30%         3
 Flame Wave               Conj/Fire      9%         2d5       63%         4


Dungeon Overview and Level Annotations

Branches:
Dungeon (1/15)

Shops:
D:1 (


Innate Abilities, Weirdness & Mutations

You have an increased reservoir of magic. (+10% MP)
You shall have no god before yourself.
Your divine heritage dramatically boosts your attributes as you level up.


Message History

A goblin comes into view. It is wielding a +0 club.
A goblin is nearby!
Casting: Foxfire (safe; 9% risk of failure)
Confirm with . or Enter, or press ? or * to list all spells.
You conjure some foxfire!
The foxfire hits the goblin.
You kill the goblin!
Your foxfire dissipates!
You see here a +0 club.
You open the door.
You now have 4 gold pieces.
A quokka comes into view.
You miss the quokka. The quokka misses you. The quokka barely misses you.
You hit the quokka but do no damage. The quokka closely misses you.
You barely miss the quokka.
The quokka twitches its whiskers.
The quokka bites you.
You miss the quokka. The quokka bites you.
You hit the quokka.
The quokka is moderately wounded.
The quokka bites you.
You hit the quokka but do no damage. The quokka misses you.
The quokka bites you but does no damage.
You hit the quokka but do no damage. The quokka completely misses you.
You closely miss the quokka. The quokka misses you.
The quokka barely misses you. The quokka bites you.
Casting: Foxfire (safe; 9% risk of failure)
Confirm with . or Enter, or press ? or * to list all spells.
You conjure some foxfire!
The quokka bites you. x2
* * * LOW HITPOINT WARNING * * *
You closely miss the quokka.
The foxfire hits the quokka.
The quokka is moderately wounded.
The foxfire hits the quokka.
The quokka is heavily wounded.
The quokka closely misses you.
Casting: Foxfire (safe; 9% risk of failure)
Confirm with . or Enter, or press ? or * to list all spells.
You conjure some foxfire!
The quokka bites you.
You die...

#.# #....#
#.# #.####
#.# #.# #.#
#.# #.# #.#
#.# #.# #.#
#.#
###r#######.#
#.v@v.......#
#############


You could see a quokka (ally target).

Vanquished Creatures
  3 ball pythons (D:1)
  A bat (D:1)
  3 endoplasms (D:1)
  A giant cockroach (D:1)
  2 goblins (D:1)
  2 hobgoblins (D:1)
  A quokka (D:1)
  2 kobolds (D:1)
  5 rats (D:1)
20 creatures vanquished.

Vanquished Creatures (others)
  39 foxfires (D:1)
39 creatures vanquished.

Grand Total: 59 creatures vanquished

Notes
Turn   | Place    | Note
-------+----------+-------------------------------------------
     0 | D:1      | croobank the Demigod Fire Elementalist began the quest for
                  | the Orb.
     0 | D:1      | Reached XP level 1. HP: 14/14 MP: 5/5
    35 | D:1      | Reached skill level 1 in Conjurations
   238 | D:1      | Reached XP level 2. HP: 17/20 MP: 4/7
   250 | D:1      | Learned a level 2 spell: Scorch
   313 | D:1      | Reached skill level 3 in Fire Magic
  1029 | D:1      | Found Kufruv Bilo's Antique Weapon Emporium.
  1172 | D:1      | Slain by a quokka

Illustrated notes

Levels and vault maps discovered:
D:1:      dpeg_arrival_another_circle, layout_basic, serial_shops, shop

Skill      XL: |  1  2 |
---------------+-------+-----
Conjurations   | 1 |  1.1
Stealth        | 2 |  2.1
Fire Magic     | 3 |  3.1
Spellcasting   | 2 |  2.0
Dodging        | |  1.8

Action                   || total
-------------------------++-------
Melee: Unarmed           ||    24
       Punch             ||     1
 Cast: Foxfire           ||    24
       Scorch            ||     3
Armor: Robe              ||     4
Dodge: Dodged            ||    15
